[Event "Mitropa Cup Women 2024"]
[Site "Apolda"]
[Date "2024.02.22"]
[Round "8.20"]
[White "Mihelic, Vesna"]
[Black "Dolzhykova, Kateryna"]
[Result "1/2-1/2"]
[ECO "B52"]
[WhiteElo "2112"]
[BlackElo "2227"]
[Annotator "TA"]
[PlyCount "93"]
[EventDate "2024.02.15"]
[EventType "team-tourn"]
[EventCountry "GER"]
[SourceTitle "playchess.com"]
[Source "ChessBase"]
[SourceQuality "1"]
[WhiteTeam "Slovenia"]
[BlackTeam "Germany"]
[WhiteTeamCountry "SLO"]
[BlackTeamCountry "GER"]
[TimeControl "40/5400+30:1800+30"]

1. e4 c5 2. Nf3 d6 3. Bb5+ Bd7 4. Bxd7+ Qxd7 5. c4 Nc6 6. d4 cxd4 7. Nxd4 Nf6 8. Nc3 g6 9. b3 Bg7 10. Bb2 O-O 11. O-O a6 12. Nxc6 bxc6 13. Na4 {[%emt 0:01:44] und nun wäre Nb6 stark für Weiss.} Qe6 ({Ein No Go ist} 13... Nxe4 $6 14. Bxg7 (14. Nb6 Qa7 $18) 14... Kxg7 15. Nb6 $16) 14. Re1 Nd7 15. Bxg7 Kxg7 16. Rc1 c5 17. Rc3 Rae8 18. Qd2 Ne5 19. Nb6 Nc6 (19... f6 $14 {scheint genauer.}) 20. Nd5 Qe5 21. Rh3 {[%emt 0:02:44] Weiss droht Qh6+ und Matt.} h5 (21... Kh8 $11) 22. Kh1 Rd8 (22... Kg8 $16) 23. f4 $18 Qe6 {[%emt 0:00:13] [#]} 24. f5 $1 Qe5 25. Qg5 (25. Nf4 $18 {[%cal Of4h5] Beabsichtigt Nxh5+! und Matt.} Rg8 26. Rf1) 25... Rh8 $16 26. Rf1 e6 27. Nf4 {[%emt 0:02:07][%cal Of4e6] Nxe6+! ist eine echte Drohung. Schach mit Chili. Weiß steht aktiver.} exf5 28. exf5 (28. Rxh5 $2 {zu gefräßig.} fxe4 (28... Qxe4 29. h3 $17) 29. Kg1 Qxg5 30. Rxg5 Nd4 $19) 28... Qxf5 29. Nxh5+ Rxh5 30. Rxf5 Rxg5 31. Rxg5 {[%emt 0:00:02][%mdl 4096] Endspiel. KRR-KRN} Re8 32. Kg1 Nd4 33. Rd3 ({Vorzuziehen ist} 33. Kf1 $16) 33... Re1+ $14 34. Kf2 Re2+ 35. Kf1 Rxa2 36. Rd5 a5 ({Günstiger ist} 36... Ra1+ $14 37. Kf2 Ra2+ 38. Kg3 Kf8) 37. Rxd6 (37. h3 $16) 37... Ra1+ 38. Kf2 Ra2+ 39. Kf1 {[%emt 0:01:57] Ra6 wäre nun fies.} Ra1+ 40. Kf2 {[%emt 0:00:04] Und Ra6 würde nun gewinnen.} Ra2+ 41. Ke1 Rxg2 42. Rd5 Ne6 43. Rd2 Rg1+ 44. Kf2 Rb1 45. Ra2 {[%emt 0:01:46] Die Stellung ist ausgeglichen.} Rxb3 46. Rxa5 Rb4 47. Rdxc5 {[%emt 0:04:46] Schwarz rettet sich ins Remis.   Gewichteter Fehlerwert: Weiß=0.20 (präzise) /Schwarz=0.18 (sehr präzise) .  Fehler:       	Weiß=3     	Schwarz=4     Ungenau:       	Weiß=3     	Schwarz=4     OK:         	Weiß=10    	Schwarz=14    Bester:       	Weiß=4     	Schwarz=8} 1/2-1/2

[Event "Mitropa Cup Women 2024"]
[Site "Apolda"]
[Date "2024.02.23"]
[Round "9.1"]
[White "Urh, Zala"]
[Black "Demeter, Dorina"]
[Result "1/2-1/2"]
[ECO "D35"]
[WhiteElo "2290"]
[BlackElo "2271"]
[Annotator "TA"]
[PlyCount "105"]
[EventDate "2024.02.15"]
[EventType "team-tourn"]
[EventCountry "GER"]
[SourceTitle "playchess.com"]
[Source "ChessBase"]
[SourceQuality "1"]
[WhiteTeam "Slovenia"]
[BlackTeam "Hungary"]
[WhiteTeamCountry "SLO"]
[BlackTeamCountry "HUN"]
[TimeControl "40/5400+30:1800+30"]

1. d4 Nf6 2. c4 e6 3. Nf3 d5 4. g3 Bd6 5. Bg2 O-O 6. O-O Nc6 7. cxd5 exd5 8. Nc3 h6 9. Nb5 Bf5 10. Nxd6 cxd6 11. Bf4 Re8 12. h3 Rc8 13. g4 $1 Be4 14. Qd2 Na5 15. Rac1 (15. b3 $11 {keeps the balance.}) 15... Nc4 $36 {[%emt 0:02:59][%mdl 2048] White is under pressure.} 16. Qb4 a5 $1 17. Qc3 b5 18. b3 b4 19. Qe1 Na3 $1 20. Qd2 Qd7 21. Rfe1 Nb5 22. Bf1 (22. Nh2 $15) 22... Rxc1 23. Rxc1 Rc8 24. Rxc8+ Qxc8 25. Ne1 Qc3 26. Qxc3 $1 Nxc3 27. Bxd6 Nxa2 {[%emt 0:00:52] ...Nc1 would now be deadly.} 28. f3 {[%emt 0:00:33] [#]} Bh7 (28... Bg6 $1 $17 {Threatens to win with ...Nc1.} 29. e4 Nc1 (29... dxe4 30. Bc4 $15)) 29. e4 {[%emt 0:01:07] [#]} (29. e3 $15) 29... dxe4 (29... Nc1 $1 $17 30. e5 Ne8) 30. Bc4 $11 exf3 31. Bc7 Be4 (31... a4 $5 32. bxa4 Nc3 33. Nxf3 Nxa4 $15) 32. Bxa5 Bd5 33. Bxd5 Nxd5 {[%emt 0:00:02][%mdl 4096] Endgame. KBN-KNN} 34. Nd3 {[%emt 0:00:27] Repels Nc1} Nac3 35. Nxb4 Nxb4 36. Bxb4 {[%emt 0:00:01] KB-KN} Ne2+ 37. Kf2 {[%emt 0:00:07] And now Bc5 would win.} Nxd4 38. Bc3 Nxb3 39. Kxf3 Nc5 40. h4 Ne6 41. Ke4 Kh7 42. Kf5 Nc7 43. Be5 Nd5 44. Ke4 Ne7 45. Bd6 Ng8 46. Kf5 {[%emt 0:01:33] The position is equal.} g6+ 47. Ke5 Kg7 48. g5 f6+ 49. gxf6+ Nxf6 50. Bf8+ Kf7 {[%emt 0:00:11] ( -> ...Nd7+)} 51. Bxh6 Ng4+ 52. Kf4 Nxh6 53. h5 $1 {[%emt 0:00:06] Weighted Error Value: White=0.10 (very precise) /Black=0.10 (very precise) .  Mistake:       	White=3     	Black=2      Inaccurate:     	White=2     	Black=3      OK:         	White=21    	Black=17     Best:        	White=3     	Black=3      Strong:       	White=3     	Black=2} 1/2-1/2

[Event "Mitropa Cup Women 2024"]
[Site "Apolda"]
[Date "2024.02.23"]
[Round "9.2"]
[White "Terbe, Zsuzsanna"]
[Black "Shpanko, Nadiia"]
[Result "0-1"]
[ECO "D37"]
[WhiteElo "2170"]
[BlackElo "2179"]
[Annotator "RC"]
[PlyCount "98"]
[EventDate "2024.02.15"]
[EventType "team-tourn"]
[EventCountry "GER"]
[SourceTitle "playchess.com"]
[Source "ChessBase"]
[SourceQuality "1"]
[WhiteTeam "Hungary"]
[BlackTeam "Slovenia"]
[WhiteTeamCountry "HUN"]
[BlackTeamCountry "SLO"]
[TimeControl "40/5400+30:1800+30"]

1. d4 d5 2. c4 e6 3. Nf3 Nf6 4. Nc3 Be7 5. Bf4 O-O 6. e3 b6 7. Bd3 dxc4 8. Bxc4 Ba6 9. Qe2 Bxc4 10. Qxc4 c5 11. dxc5 Bxc5 12. b4 Be7 13. O-O Qc8 14. Qb3 Nc6 15. a3 Qb7 16. Rfd1 Rfd8 17. e4 Nh5 18. Be3 Bf6 19. Rac1 Ne5 20. Nxe5 Bxe5 21. h3 h6 22. Qb1 Rxd1+ 23. Nxd1 Rd8 24. Qc2 Qa6 25. a4 Nf4 26. b5 Qa5 27. Kf1 Nd3 28. Bd2 Nb4 29. Bxb4 Qxb4 30. Rb1 Qd2 31. Ne3 Qxc2 32. Nxc2 Rd2 33. Nb4 Bd4 34. Ke1 Rxf2 35. Nc6 Bc5 36. g4 Ra2 37. e5 Rxa4 38. Rd1 a6 39. Rd8+ Kh7 40. bxa6 Rxa6 41. Rd7 Kg6 42. Nd8 Ra3 43. Nxf7 Rxh3 44. Nd6 Re3+ 45. Kf1 Rxe5 46. Ne8 Bf8 47. Kg2 Rd5 48. Rb7 Rd8 49. Nc7 Rd7 0-1

[Event "Mitropa Cup Women 2024"]
[Site "Apolda"]
[Date "2024.02.23"]
[Round "9.3"]
[White "Vidic, Teja"]
[Black "Ivan-Gal, Hanna Krisztina"]
[Result "1/2-1/2"]
[ECO "B48"]
[WhiteElo "2132"]
[BlackElo "2191"]
[Annotator "RC"]
[PlyCount "101"]
[EventDate "2024.02.15"]
[EventType "team-tourn"]
[EventCountry "GER"]
[SourceTitle "playchess.com"]
[Source "ChessBase"]
[SourceQuality "1"]
[WhiteTeam "Slovenia"]
[BlackTeam "Hungary"]
[WhiteTeamCountry "SLO"]
[BlackTeamCountry "HUN"]
[TimeControl "40/5400+30:1800+30"]

1. e4 c5 2. Nf3 e6 3. d4 cxd4 4. Nxd4 Nc6 5. Nc3 Qc7 6. Be3 a6 7. Qf3 b5 8. O-O-O Bb7 9. Nxc6 Bxc6 10. Bd3 Nf6 11. Rhe1 Be7 12. g4 b4 13. Ne2 Qb7 14. Ng3 d5 15. Bd4 h5 16. gxh5 dxe4 17. Nxe4 Nxh5 18. Qe3 Bd5 19. f4 Qc7 20. Be5 Qa5 21. Nd6+ Bxd6 22. Bxd6 Nf6 23. f5 Qxa2 24. fxe6 Bxe6 25. Qg3 Qa1+ 26. Kd2 Qxb2 27. Rb1 Qc3+ 28. Kc1 Rxh2 29. Be5 Qd2+ 30. Kb2 Rg2 31. Qf3 Rc8 32. Rbc1 Rf2 33. Qg3 Rg2 34. Qf3 Rf2 35. Qg3 Nh5 36. Qe3 Qxe3 37. Rxe3 Nf4 38. Bxa6 Ra8 39. Bb5+ Ke7 40. Bxg7 b3 41. Bc4 Rxc2+ 42. Rxc2 bxc2 43. Bxe6 Nxe6 44. Kxc2 Rd8 45. Bc3 f5 46. Rd3 Re8 47. Rf3 f4 48. Be5 Kf7 49. Kd2 Kg6 50. Bxf4 Nxf4 51. Rxf4 1/2-1/2

[Event "Mitropa Cup Women 2024"]
[Site "Apolda"]
[Date "2024.02.23"]
[Round "9.4"]
[White "Karacsonyi, Kata"]
[Black "Mihelic, Vesna"]
[Result "0-1"]
[ECO "C54"]
[WhiteElo "2087"]
[BlackElo "2112"]
[Annotator "RC"]
[PlyCount "80"]
[EventDate "2024.02.15"]
[EventType "team-tourn"]
[EventCountry "GER"]
[SourceTitle "playchess.com"]
[Source "ChessBase"]
[SourceQuality "1"]
[WhiteTeam "Hungary"]
[BlackTeam "Slovenia"]
[WhiteTeamCountry "HUN"]
[BlackTeamCountry "SLO"]
[TimeControl "40/5400+30:1800+30"]

1. e4 e5 2. Nf3 Nc6 3. Bc4 Bc5 4. d3 Nf6 5. Bg5 d6 6. c3 a6 7. a4 Ba7 8. Nbd2 O-O 9. h3 Be6 10. Bh4 Qe7 11. Bd5 Nd8 12. g4 c6 13. c4 cxd5 14. exd5 Bd7 15. Ne4 Ne6 16. dxe6 fxe6 17. Rg1 Bc6 18. Nfd2 d5 19. Nxf6+ Rxf6 20. Bxf6 Qxf6 21. Qe2 e4 22. dxe4 Qxb2 23. Rb1 Qc2 24. Qd1 Qd3 25. Qe2 Qc2 26. Qd1 Qc3 27. Rg3 Qd4 28. Qe2 dxe4 29. Nb3 Qe5 30. c5 Bxa4 31. Re3 Bb5 32. f4 Qxf4 33. Qf2 Qe5 34. Qb2 Qg5 35. Qd2 Rf8 36. Kd1 Rd8 37. Nd4 Qxc5 38. Rxe4 e5 39. Rc1 Qd5 40. Qg5 Bxd4 0-1

[Event "Mitropa Cup Women 2024"]
[Site "Apolda"]
[Date "2024.02.23"]
[Round "9.5"]
[White "Brunello, Marina"]
[Black "Iglesias, Yosha"]
[Result "1/2-1/2"]
[ECO "B12"]
[WhiteElo "2345"]
[BlackElo "2260"]
[Annotator "TA"]
[PlyCount "144"]
[EventDate "2024.02.15"]
[EventType "team-tourn"]
[EventCountry "GER"]
[SourceTitle "playchess.com"]
[Source "ChessBase"]
[SourceQuality "1"]
[WhiteTeam "Italy"]
[BlackTeam "France"]
[WhiteTeamCountry "ITA"]
[BlackTeamCountry "FRA"]
[TimeControl "40/5400+30:1800+30"]

1. e4 c6 2. d4 d5 3. e5 c5 4. Nf3 cxd4 5. Nxd4 Nc6 6. Nxc6 bxc6 7. Bd3 e6 8. O-O Ne7 9. Nd2 a5 10. Re1 Ba6 11. c4 Ng6 12. a3 (12. Qa4 {with more complications.} Qb6 13. Nb3 Bb4 14. c5) 12... Bc5 13. Nf3 (13. Nb3 $11 dxc4 14. Nxc5 cxd3 15. Qd2) 13... dxc4 $15 14. Bxg6 hxg6 15. Qxd8+ Rxd8 16. Bd2 {[%emt 0:00:06] White is weak on the light squares} a4 17. Bc3 ({Don't go for} 17. Bb4 $2 Bxb4 18. axb4 Bb5 $19) 17... Ke7 18. Re4 Rd3 19. Kf1 (19. Nd4 $15) 19... Rhd8 (19... f5 $1 $17 20. exf6+ gxf6) 20. Ke1 R8d5 21. Rc1 f5 22. Rh4 {[%emt 0:01:59] [#]} g5 $1 23. Nxg5 {[%emt 0:03:58] [#] Threatens to win with Rh7.} (23. Rh7 Rxc3) 23... Rxc3 $1 24. Rxc3 Rxe5+ 25. Kf1 Rd5 (25... Bb6 $5 26. g4 Rb5 27. gxf5 exf5 $17) 26. Ke2 {[%emt 0:04:31] Prevents Rd2+} (26. Ke1 $1 $15) 26... Bd4 $36 {[%emt 0:01:59][%mdl 2048] Black is more active.} 27. Rxd4 $1 Rxd4 {[%emt 0:00:03][%mdl 4096] Endgame. KRB-KRN} 28. Ke3 $2 (28. Nf3 $15 Rd5 29. Ke1) 28... e5 $2 (28... Rg4 $19 {has better winning chances.} 29. h4 Rxg2) 29. g3 (29. Ke2 $142) 29... Rd8 $17 30. Nf3 Kf6 31. h4 $2 (31. Nd2) 31... Rb8 $19 32. Nd2 Rxb2 33. Nxc4 Bxc4 (33... Rb3 $19 {and Black stays clearly on top.} 34. Rxb3 axb3) 34. Rxc4 {[%emt 0:00:03] KR-KR} Rb3+ 35. Ke2 Rxa3 {[%emt 0:00:13] White must now prevent ...Ra2+.} 36. Rxc6+ Kf7 37. Rc7+ Kg6 {[%emt 0:00:33] aiming for ...Ra2+.} 38. Rc6+ $1 Kh7 $1 {[%emt 0:00:59] ...Ra2+ is the strong threat.} 39. Rc5 $1 f4 40. gxf4 exf4 41. f3 $2 {[%emt 0:30:09] [#]} ({White should play} 41. Rc6 $15) 41... Re3+ $2 (41... Ra1 $1 $19 {Strongly threatening ...a3.} 42. Kf2 Ra2+ 43. Ke1 a3) 42. Kf2 $11 Rb3 {[%emt 0:00:16] Hoping for ...Rb2+.} 43. Ra5 Rb2+ 44. Kg1 Ra2 {[%emt 0:00:00] ...Kg6 would now be deadly.} 45. Ra6 g6 46. Ra7+ Kg8 47. Kh1 a3 48. Ra4 $1 Kg7 49. Kg1 $1 Kf6 50. Rxf4+ Ke5 (50... Kg7 $5 51. Ra4 $8 Kf6 $11) 51. Ra4 Kd5 52. f4 Kc5 53. h5 gxh5 {[%emt 0:00:00] And now ...Kd5 would win.} 54. f5 Kd6 55. f6 Ke6 56. Ra6+ Kf7 57. Kh1 Kg6 $2 (57... Ke8 $11) 58. Kg1 $19 h4 59. Kh1 h3 60. Kg1 Rg2+ $2 ({Better is} 60... Ra1+ $19 61. Kh2 a2) 61. Kh1 $11 {[%emt 0:00:00] [#]} a2 $2 (61... Rg3 $1 $17) 62. f7+ $1 {[%emt 0:00:00] The position is equal.} Kxf7 63. Ra7+ $1 Kg6 64. Ra6+ $1 Kh5 (64... Kg5 $5 65. Ra5+ $8 Kg4 66. Ra4+ Kg3 67. Ra3+ Kg4 68. Ra4+ Kg3 69. Ra3+ Kf4 70. Ra4+ Kf5 71. Ra5+ Ke4 72. Ra4+ Ke5 73. Ra5+ Kf6 74. Ra6+ Ke7 75. Ra7+ Ke8 76. Ra8+ Kf7 77. Ra7+ Kf8 78. Ra8+ Ke7 79. Ra7+ Ke8 80. Ra8+ Kf7 81. Ra7+ $11) 65. Ra5+ Kh4 66. Ra4+ Kg3 67. Ra3+ Kf4 68. Ra4+ Ke5 (68... Kf3 $5 69. Ra3+ $8 Kf4 70. Ra4+ Kg5 71. Ra5+ Kh4 72. Ra4+ Kh5 73. Ra5+ Kg6 74. Ra6+ Kg7 75. Ra7+ Kg6 76. Ra6+ $11) 69. Ra5+ Kd6 (69... Kd4 $5 70. Ra4+ $8 Kd5 71. Ra5+ Ke4 72. Ra4+ Kf5 73. Ra5+ Kf6 74. Ra6+ Kg5 75. Ra5+ Kg6 76. Ra6+ Kg7 77. Ra7+ Kg6 78. Ra6+ $11) 70. Ra6+ Kc7 71. Ra7+ $1 Kb8 {[%emt 0:00:00] ( -> ...Rg1+)} 72. Ra8+ $1 Kxa8 {[%emt 0:00:00] Weighted Error Value: White=0.22 (precise) /Black=0.30.  Loses game:     	White=2     	---        Missed win:     	---       	Black=4      Mistake:       	White=5     	Black=3      Inaccurate:     	White=2     	Black=1      OK:         	White=17    	Black=18     Best:        	White=14    	Black=10     Strong:       	White=10    	Black=1      Brilliant:      	---       	Black=1} 1/2-1/2

[Event "Mitropa Cup Women 2024"]
[Site "Apolda"]
[Date "2024.02.23"]
[Round "9.6"]
[White "Schippke, Manon"]
[Black "Zimina, Olga"]
[Result "1-0"]
[ECO "B13"]
[WhiteElo "2162"]
[BlackElo "2291"]
[Annotator "TA"]
[PlyCount "83"]
[EventDate "2024.02.15"]
[EventType "team-tourn"]
[EventCountry "GER"]
[SourceTitle "playchess.com"]
[Source "ChessBase"]
[SourceQuality "1"]
[WhiteTeam "France"]
[BlackTeam "Italy"]
[WhiteTeamCountry "FRA"]
[BlackTeamCountry "ITA"]
[TimeControl "40/5400+30:1800+30"]

1. e4 c6 2. d4 d5 3. exd5 cxd5 4. Bd3 Nf6 5. c3 Nc6 6. Bf4 Bg4 7. Qb3 Qd7 8. Nd2 e6 9. Ngf3 Bd6 10. Bxd6 Qxd6 11. O-O O-O 12. Rae1 Bxf3 13. Nxf3 Qc7 14. Qc2 Rfc8 15. a3 Rab8 {[%emt 0:00:22] White has an edge.} 16. Qe2 a6 17. Ne5 Nxe5 18. dxe5 Nd7 19. f4 Re8 20. Rf3 g6 21. h4 Qd8 (21... Nc5 $11) 22. Rh3 b5 23. h5 Nf8 24. Qg4 d4 25. c4 {[%emt 0:12:13] White is much more active.} bxc4 26. Bxc4 $40 {[%emt 0:00:06][%mdl 128] Hoping for hxg6. White is out for blood.} Rxb2 27. hxg6 $1 fxg6 28. f5 $1 (28. Bxa6 $2 Qa5 29. Qd1 Qxa6 $19) 28... Qa5 $1 29. Qg3 (29. Bxe6+ Nxe6 30. Rf1 (30. Qh4 $2 Ng5 $19) 30... Qxe5 31. fxe6 Rxe6 $19) (29. Re4 $14 Rb7 30. fxe6 (30. Bxe6+ Nxe6 31. fxe6 Qc5 $15) (30. fxg6 hxg6 31. Qg5 Qd8 $16)) 29... Qc5 $2 {[%emt 0:04:29][%mdl 8192] [#]} (29... Re7 $11 {and Black has nothing to worry.}) 30. fxg6 $1 $18 (30. Rc1 d3+ 31. Kh2 Rc2 (31... Qxa3 $2 32. fxg6 hxg6 33. Qh4 $18) 32. Rxc2 dxc2 $15) 30... d3+ 31. Re3 hxg6 {[%emt 0:16:12] [#]} 32. Qh4 {[%emt 0:00:49] White threatens Qh8+ and mate.} (32. Bxd3 Re7 $16) 32... Qxe3+ 33. Rxe3 d2 34. Be2 $1 {[%emt 0:01:14][%cal Oe3h3] Rh3! would kill now.} (34. Bxa6 $2 d1=Q+ (34... d1=R+ 35. Kh2 $14) 35. Bf1 Qc1 $19) 34... Rb1+ 35. Kh2 {[%emt 0:00:02][%cal Oe3h3] White wants to mate with Rh3!} Rb7 (35... d1=R $142 36. Bxd1 Rxd1) 36. Rh3 (36. Bxa6 Rh7 $11 (36... d1=R $2 37. Bxb7 Nh7 38. Rh3 $18) (36... d1=R $2 37. Bxb7 Rd7 38. Bc6 $18)) 36... Rh7 37. Qg5 Rd7 38. Qf6 (38. Bxa6 $2 d1=Q (38... d1=B $2 39. Bb5 $18) 39. Bb5 Ree7 $19) 38... Rg7 39. Qg5 (39. Bxa6 $2 d1=Q (39... d1=B $2 40. Rh6 $18) 40. Qf2 Rh7 41. Rxh7 Nxh7 $19) 39... Rd7 40. Qh6 {[%emt 0:00:56] Threatening mate with Qh8+.} (40. Bxa6 $2 d1=Q (40... d1=B $2 41. Bb5 $18) 41. Bb5 Ree7 $19) 40... Kf7 41. Qh8 ({Inferior is} 41. Bxa6 d1=Q (41... d1=B $2 {loses.} 42. Qh8 $18) 42. Qh8 Rb8 (42... Ra8 $2 43. Qf6+ Ke8 44. Rh8 $18) 43. Rf3+ Qxf3 44. gxf3 Rb6 $11) 41... Red8 42. Rf3+ {[%emt 0:00:00] Weighted Error Value: White=0.43/Black=0.53.  Loses game:     	---       	Black=1      Mistake:       	White=1     	Black=1      Inaccurate:     	White=1     	Black=3      OK:         	White=5     	Black=3      Best:        	---       	Black=4      Strong:       	White=3     	Black=1} 1-0

[Event "Mitropa Cup Women 2024"]
[Site "Apolda"]
[Date "2024.02.23"]
[Round "9.7"]
[White "Gueci, Tea"]
[Black "Navrotescu, Andreea"]
[Result "1-0"]
[ECO "C43"]
[WhiteElo "2193"]
[BlackElo "2222"]
[Annotator "RC"]
[PlyCount "71"]
[EventDate "2024.02.15"]
[EventType "team-tourn"]
[EventCountry "GER"]
[SourceTitle "playchess.com"]
[Source "ChessBase"]
[SourceQuality "1"]
[WhiteTeam "Italy"]
[BlackTeam "France"]
[WhiteTeamCountry "ITA"]
[BlackTeamCountry "FRA"]
[TimeControl "40/5400+30:1800+30"]

1. e4 e5 2. Nf3 Nf6 3. d4 Nxe4 4. dxe5 d5 5. Nbd2 Nc5 6. c3 Ne6 7. Bd3 Be7 8. O-O O-O 9. Re1 g6 10. Nf1 Ng7 11. Bh6 c5 12. h3 Nc6 13. Qd2 Be6 14. Ng5 Qb6 15. Nh2 Rad8 16. Nxe6 fxe6 17. Bxg7 Kxg7 18. Ng4 Kh8 19. Bxg6 Rg8 20. Bf7 Rg7 21. Bxe6 Nd4 22. cxd4 Qxe6 23. Rad1 cxd4 24. Qxd4 h5 25. Ne3 Qxh3 26. Kf1 Qe6 27. Ke2 Qa6+ 28. Rd3 Rf8 29. Rh1 h4 30. g3 Qxa2 31. Nxd5 Re8 32. Nxe7 Rgxe7 33. Qxh4+ Kg8 34. Qh8+ Kf7 35. Qf6+ Kg8 36. Rh8# 1-0

[Event "Mitropa Cup Women 2024"]
[Site "Apolda"]
[Date "2024.02.23"]
[Round "9.8"]
[White "Blanquet, Camille"]
[Black "Cassi, Elisa"]
[Result "1-0"]
[ECO "E20"]
[WhiteElo "2023"]
[BlackElo "2033"]
[Annotator "NA RC"]
[PlyCount "77"]
[EventDate "2024.02.15"]
[EventType "team-tourn"]
[EventCountry "GER"]
[SourceTitle "playchess.com"]
[Source "ChessBase"]
[SourceQuality "1"]
[WhiteTeam "France"]
[BlackTeam "Italy"]
[WhiteTeamCountry "FRA"]
[BlackTeamCountry "ITA"]
[TimeControl "40/5400+30:1800+30"]

1. d4 d5 2. c4 e6 3. Nc3 Bb4 4. Nf3 Nf6 5. g3 dxc4 6. Bg2 O-O 7. O-O Nc6 8. Qa4 Nd5 9. Qc2 Rb8 10. e4 Nxc3 11. bxc3 Be7 12. h4 h6 13. Bf4 b5 14. Rab1 a5 15. Rfd1 Ba6 16. d5 exd5 17. exd5 Na7 18. Be3 Ra8 19. Nd4 Bd6 20. Qf5 Bc8 21. Qh5 Bd7 22. Be4 Re8 23. Qf3 b4 24. Bc2 Nb5 25. Nxb5 Bxb5 26. Qf5 g6 27. Qf3 c5 28. dxc6 Qc7 29. Qd5 Bxg3 30. Qxb5 Bxh4 31. Qxc4 Rxe3 32. Rd7 Bxf2+ 33. Kf1 Qxd7 34. cxd7 Rxc3 35. Qe4 Rf8 36. Kxf2 Kg7 37. Rd1 Rd8 38. Qe5+ Kh7 39. Bxg6+ 1-0

[Event "Mitropa Cup Women 2024"]
[Site "Apolda"]
[Date "2024.02.23"]
[Round "9.9"]
[White "Polterauer, Chiara"]
[Black "Cvitan, Ena"]
[Result "0-1"]
[ECO "B12"]
[WhiteElo "2189"]
[BlackElo "2242"]
[Annotator "TA"]
[PlyCount "74"]
[EventDate "2024.02.15"]
[EventType "team-tourn"]
[EventCountry "GER"]
[SourceTitle "playchess.com"]
[Source "ChessBase"]
[SourceQuality "1"]
[WhiteTeam "Austria"]
[BlackTeam "Croatia"]
[WhiteTeamCountry "AUT"]
[BlackTeamCountry "CRO"]
[TimeControl "40/5400+30:1800+30"]

1. e4 c6 2. d4 d5 3. e5 Bf5 4. h4 a6 5. Bd3 Bxd3 6. Qxd3 e6 7. Nf3 c5 8. dxc5 {[%emt 0:09:50] The position is equal.} Bxc5 9. O-O Nc6 10. c4 Nb4 11. Qb3 Rc8 {[%emt 0:08:52] aiming for ...dxc4.} 12. cxd5 Qxd5 13. Qxd5 Nxd5 14. Nbd2 Nh6 15. Ne4 {[%emt 0:09:33] Hoping for Bxh6.} Ng4 16. Nxc5 Rxc5 17. Bd2 Ke7 18. Rac1 {[%emt 0:02:07] Wards off Rc2} Rhc8 19. a3 (19. Rb1 $15) 19... h5 {[%emt 0:02:49] Black is more active.} 20. Rxc5 Rxc5 21. Rc1 {[%emt 0:00:07] Prevents Rc2} Rxc1+ 22. Bxc1 $17 {[%emt 0:00:05][%mdl 4096] Endgame. KBN-KNN} Nb6 23. b3 {[%emt 0:01:43] Inhibits Nc4. Black continues to play with concentration.} ({Better is} 23. Bd2 $1 $15) 23... Nd7 $1 24. Bb2 Nc5 $1 25. b4 (25. Nd2 $17) 25... Nd3 $19 26. Bd4 {[%emt 0:00:06] [#]} Kd7 $1 27. Ng5 Ngxe5 (27... Ndxe5 28. f3 Nc6 29. Bxg7 $16) 28. f4 (28. g3 $142) 28... f6 29. Ne4 Nc4 (29... Nxf4 30. Bxe5 fxe5 31. Kf2 $19) 30. a4 {[%emt 0:00:36] Black is clearly winning.} Kc6 {[%emt 0:06:18][%cal Oc6d5] White must now prevent ...Kd5!} (30... Nxb4 31. Nc5+ Kd6 32. Nxb7+ Kd5 33. Bc5 $17) 31. Nc5 (31. f5 $142 exf5 (31... Nxb4 $2 32. fxe6 Nd5 33. Ng3 $19) 32. Ng3) 31... Nxc5 32. Bxc5 {[%emt 0:00:22] KB-KN} Nb2 33. Bf8 Nxa4 34. Bxg7 {[%emt 0:00:08] [#]} f5 $1 {[%emt 0:00:09] ...Kb5 is the strong threat.} 35. Kf2 Kd5 36. Ke3 Kc4 37. Bf8 Nc3 {[%emt 0:31:01] Weighted Error Value: White=0.60/Black=0.03 (flawless) .  Mistake:       	White=5     	---        Inaccurate:     	White=1     	---        OK:         	White=8     	Black=11     Best:        	---       	Black=2      Strong:       	---       	Black=3} 0-1

[Event "Mitropa Cup Women 2024"]
[Site "Apolda"]
[Date "2024.02.23"]
[Round "9.10"]
[White "Medic, Mirjana"]
[Black "Hapala, Elisabeth"]
[Result "1-0"]
[ECO "D05"]
[WhiteElo "2151"]
[BlackElo "2001"]
[Annotator "RC"]
[PlyCount "69"]
[EventDate "2024.02.15"]
[EventType "team-tourn"]
[EventCountry "GER"]
[SourceTitle "playchess.com"]
[Source "ChessBase"]
[SourceQuality "1"]
[WhiteTeam "Croatia"]
[BlackTeam "Austria"]
[WhiteTeamCountry "CRO"]
[BlackTeamCountry "AUT"]
[TimeControl "40/5400+30:1800+30"]

1. d4 Nf6 2. Nf3 e6 3. e3 c5 4. Bd3 d5 5. b3 Nc6 6. Bb2 Bd6 7. O-O O-O 8. Nbd2 b6 9. c4 cxd4 10. exd4 Bb7 11. Re1 Rc8 12. Rc1 Re8 13. c5 bxc5 14. dxc5 Bb8 15. Bb5 a6 16. Bxc6 Bxc6 17. b4 Nd7 18. Nd4 e5 19. Nxc6 Rxc6 20. Nf3 d4 21. Qa4 Rh6 22. h3 Rg6 23. c6 Nb6 24. Qb3 Nd5 25. Bxd4 Nf4 26. Bxe5 Rxg2+ 27. Kf1 Bxe5 28. Nxe5 Qf6 29. Qxf7+ Qxf7 30. Nxf7 Rxe1+ 31. Rxe1 Rh2 32. Kg1 Rg2+ 33. Kh1 Rxf2 34. c7 Rc2 35. Nd6 1-0